 Dungeon Crawl Stone Soup version 0.28-a0-932-g843f935a50 (webtiles) character file.

Game seed: 13600204183846960714

84 porpoise the Conjurer (level 4, -2/24 HPs)
             Began as a Deep Elf Conjurer on Nov 28, 2021.
             Slain by Grinder (3 damage)
             ... while paralysed by Grinder
             ... on level 3 of the Dungeon.
             The game lasted 00:07:01 (2433 turns).

porpoise the Conjurer (Deep Elf Conjurer)           Turns: 2433, Time: 00:07:02

Health: -2/24      AC:  6    Str:  4    XL:     4   Next: 23%
Magic:  5/12       EV:  2    Int: 24    God:
Gold:   80         SH:  0    Dex: 13    Spells: 1/12 levels left

rFire   . . .      SeeInvis .   a - +0 rapier
rCold   . . .      Faith    .   (no shield)
rNeg    . . .      Spirit   .   f - +0 robe
rPois   .          Reflect  .   (no helmet)
rElec   .          Harm     .   (no cloak)
rCorr   .          Rampage  .   (no gloves)
Will    .....                   (no boots)
Stlth   ++........              (no amulet)
HPRegen 0.08/turn               c - +4 ring of protection
MPRegen 0.13/turn               (no ring)

@: paralysed
A: no striking features
a: no special abilities


You were on level 3 of the Dungeon.
You visited 1 branch of the dungeon, and saw 3 of its levels.

You collected 145 gold pieces.
You spent 65 gold pieces at shops.

Inventory:

Hand Weapons
 a - a +0 rapier (weapon)
Missiles
 b - 79 stones
 e - 22 sling bullets
Armour
 f - a +0 robe (worn)
Jewellery
 c - a +4 ring of protection (left hand)
Scrolls
 d - 5 scrolls of teleportation {unknown}
 g - 6 scrolls of identify {unknown}
 k - a scroll of enchant armour {unknown}
 l - a scroll of blinking {unknown}
 m - a scroll of immolation {unknown}
 n - a scroll of amnesia {unknown}
Potions
 h - a potion of heal wounds
 i - a potion of flight {unknown}
 j - a potion of berserk rage {unknown}


   Skills:
 - Level 2.4 Dodging
 - Level 2.4 Stealth
 + Level 4.8 Spellcasting
 - Level 5.3 Conjurations
 + Level 0.9 Hexes


You had one spell level left.
You knew the following spells:

 Your Spells              Type           Power      Damage    Failure   Level
a - Magic Dart            Conj           100%       1d8       1%          1
b - Searing Ray           Conj           62%        2d6       1%          2
c - Fulminant Prism       Conj/Hex       10%        3d9       24%         4
d - Iskenderun's Mystic   Conj/Tloc      18%        2d6       30%         4

Your spell library contained the following spells:

 Spells                   Type           Power      Damage    Failure   Level
 Dazzling Flash           Conj/Hex       40%        N/A       8%          3
 Gell's Gravitas          Tloc           5%         N/A       26%         3
 Teleport Other           Tloc           5%         N/A       26%         3
 Fireball                 Conj/Fire      9%         3d6       63%         5
 Starburst                Conj/Fire      9%         6d5       99%         6
 Dispersal                Tloc           2%         N/A       100%        6
 Ignition                 Fire           2%         3d3       100%        8


Dungeon Overview and Level Annotations

Branches:
Dungeon (3/15)

Altars:
Yredelemnul

Shops:
D:1 !

Annotations:
D:3 Grinder


Message History

You can't see any susceptible monsters within range! (Use Z to cast anyway.)
Casting: Magic Dart (safe; 1% risk of failure)
Confirm with . or Enter, or press ? or * to list all spells.
Aiming: Searing Ray (safe; 1% risk of failure)
Press: ? - help, Shift-Dir - straight line, f - Grinder
Aim: Grinder (77% to hit)
The searing ray hits Grinder.
Grinder is lightly wounded. (Press . to maintain the ray.)
The searing ray hits Grinder!
Grinder is moderately wounded.
The searing ray hits Grinder!
Grinder is heavily wounded.
Grinder gestures at you. Pain shoots through your body!
The searing ray hits Grinder.
Grinder is severely wounded.
You finish channelling your searing ray.
Grinder hits you but does no damage.
Casting: Searing Ray (safe; 1% risk of failure)
Confirm with . or Enter, or press ? or * to list all spells.
Aiming: Searing Ray (safe; 1% risk of failure)
Press: ? - help, Shift-Dir - straight line, f/p - Grinder
Aim: Grinder (severely wounded, 77% to hit)
The searing ray hits Grinder.
Grinder is severely wounded. (Press . to maintain the ray.) Grinder misses you.
The searing ray hits Grinder!
Grinder is almost dead.
Grinder gestures at you.
You suddenly lose the ability to move!
Grinder gestures at you. Pain shoots through your body! Grinder hits you.
* * * LOW HITPOINT WARNING * * *
Grinder hits you.
* * * LOW HITPOINT WARNING * * *
You writhe in agony.
You die...

######.....# #...##
#.....#.## ###..##
#..###.#..# ##..# #.#
#.#..### ##.## ..
#..#...### #..#
##.......#######..
###..............
##########......#..[....
......5@...........###..
###############....# ###
....# # #...# # ...# # #
# # #


You could see Grinder.

Vanquished Creatures
  An iguana (D:2)
  An adder (D:2)
  3 worms
  A dart slug (D:2)
  5 bats
  5 endoplasms
  2 giant cockroaches (D:1)
  3 goblins
  5 hobgoblins
  A quokka (D:3)
  4 ball pythons
  5 frilled lizards
  3 kobolds
  3 rats
42 creatures vanquished.

Notes
Turn   | Place    | Note
-------+----------+-------------------------------------------
     0 | D:1      | porpoise the Deep Elf Conjurer began the quest for the Orb.
     0 | D:1      | Reached XP level 1. HP: 10/10 MP: 6/6
   438 | D:1      | Reached XP level 2. HP: 15/15 MP: 4/8
   441 | D:1      | Learned a level 2 spell: Searing Ray
   609 | D:1      | Found Zicel's Distillery.
   732 | D:1      | Bought a potion of heal wounds for 65 gold pieces
  1313 | D:2      | Found a faded altar of an unknown god.
  1415 | D:2      | Reached skill level 5 in Conjurations
  1415 | D:2      | Reached XP level 3. HP: 19/19 MP: 6/10
  1727 | D:2      | Reached XP level 4. HP: 15/24 MP: 2/12
  1844 | D:2      | Learned a level 4 spell: Fulminant Prism
  1849 | D:2      | Learned a level 4 spell: Iskenderun's Mystic Blast
  2227 | D:3      | Found a basalt altar of Yredelemnul.
  2422 | D:3      | Noticed Grinder
  2430 | D:3      | Paralysed by Grinder for 7 turns
  2433 | D:3      | HP: 1/24 [Grinder (6)]
  2433 | D:3      | Slain by Grinder

Illustrated notes

Levels and vault maps discovered:
D:1:      matt_arrival_spirals, layout_loops_ring, serial_shops,
          nicolae_shop_window_shopping, grunt_decor_one_mirror,
          minmay_misc_feat_tower
D:2:      layout_basic, dreamdust_ecumenical_altar_grove,
          minmay_misc_feat_square, minmay_misc_feat_room, bh_walls_and_bars
D:3:      layout_rooms, mainiacjoe_overflow_concentric_impassable,
          makhleb_altar_promises_db, uniq_grinder, uniq_crazy_yiuf_cottage

Skill      XL: |  1  2 |
---------------+-------+-----
Spellcasting   | 4 |  4.8
Conjurations   | 5 |  5.3
Dodging        | |  2.4
Stealth        | |  2.4
Hexes          | |  0.9

Action                   |  1- 3 |  4- 6 || total
-------------------------+-------+-------++-------
 Cast: Magic Dart        |    41 |    16 ||    57
       Searing Ray       |     9 |     5 ||    14
Armor: Robe              |     1 |     1 ||     2
Dodge: Dodged            |     2 |     2 ||     4

Table legend: (Time is in decaauts)
 A = Elapsed time spent in this place.
 B = Non-inter-level travel time spent in this place.
 C = Inter-level travel time spent in this place.
 D = Time resting spent in this place.
 E = Time spent auto-exploring this place.
 F = Levels seen in this place.
 G = Mean time per level.
                   A        B        C        D        E       F      G
               +--------+--------+--------+--------+--------+-----+--------+
         Total |   2431 |   2394 |     37 |    787 |   1365 |   3 |  810.3 |
       Dungeon |   2431 |   2394 |     37 |    787 |   1365 |   3 |  810.3 |
               +--------+--------+--------+--------+--------+-----+--------+

Top non-repeatable levels by time:
     D:2: 1120 daAuts
     D:1: 1030 daAuts
     D:3: 281 daAuts
